 Dungeon Crawl Stone Soup version 0.27-a0-242-ge0fc76b88b (webtiles) character file.

Game seed: 871565374406545637

4411 Borgoz the Carver (level 10, -3/86 HPs)
             Began as a Ghoul Gladiator on Feb 3, 2021.
             Slain by Goblin1989's ghost (11 damage)
             ... on level 8 of the Dungeon.
             The game lasted 00:19:24 (10608 turns).

Borgoz the Carver (Ghoul Gladiator)                Turns: 10608, Time: 00:19:25

Health: -3/86      AC: 17    Str: 19    XL:     10   Next: 36%
Magic:  9/9        EV: 17    Int:  3    God:
Gold:   461        SH:  0    Dex: 13    Spells: 9/9 levels left

rFire    + . .     SeeInvis .   B - +0 scimitar
rCold    + . .     Faith    .   (no shield)
rNeg     + + +     Spirit   .   j - +1 scale mail {Will+}
rPois    ∞         Reflect  .   c - +0 helmet
rElec    .         Harm     .   F - +2 cloak
rCorr    .         Rampage  .   b - +2 pair of gloves
Will     +....                  o - +0 pair of boots
Stlth    ..........             (no amulet)
HPRegen  0.00/turn              u - ring of protection from fire
MPRegen  0.11/turn              y - +4 ring of evasion

@: mighty, invisible
A: claws 1, cold resistance 1, negative energy resistance 3, inhibited
regeneration, torment resistance, unbreathing
a: no special abilities


You were on level 8 of the Dungeon.
You visited 1 branch of the dungeon, and saw 8 of its levels.
You also visited: Ossuary.

You collected 461 gold pieces.

Inventory:

Hand Weapons
 B - a +0 scimitar (weapon)
 D - a +1 dagger of venom
Missiles
 d - 2 throwing nets (quivered)
Armour
 b - a +2 pair of gloves (worn)
 c - a +0 helmet (worn)
 j - a +1 scale mail of willpower (worn)
 o - a +0 pair of boots (worn)
 F - a +2 cloak (worn)
Jewellery
 u - a ring of protection from fire (left hand)
 y - a +4 ring of evasion (right hand)
Wands
 p - a wand of mindburst (12)
 x - a wand of iceblast (4)
Scrolls
 e - a scroll of enchant weapon {unknown}
 h - a scroll of magic mapping
 n - 2 scrolls of amnesia {unknown}
 q - 3 scrolls of blinking
 r - a scroll of brand weapon {unknown}
 v - 4 scrolls of teleportation {unknown}
 w - 3 scrolls of fear {unknown}
 C - a scroll of remove curse
Potions
 a - a potion of resistance {unknown}
 f - 5 potions of heal wounds {unknown}
 g - 3 potions of cancellation {unknown}
 i - 4 potions of flight {unknown}
 k - 4 potions of lignification {unknown}
 m - 7 potions of curing
 s - a potion of might
 z - 3 potions of brilliance {unknown}
 A - 2 potions of mutation {unknown}
 E - 3 potions of haste


   Skills:
 + Level 7.5 Fighting
 * Level 9.1 Long Blades
 - Level 1.8 Throwing
 + Level 5.9 Armour
 + Level 6.6 Dodging


You had 9 spell levels left.
You didn't know any spells.
Your spell library contained the following spells:

 Spells                   Type           Power        Failure   Level
 Freeze                   Ice            0%           86%         1
 Frozen Ramparts          Ice            0%           99%         3
 Ozocubu's Armour         Ice            0%           99%         3
 Hailstorm                Conj/Ice       0%           100%        4
 Summon Ice Beast         Ice/Summ       0%           100%        4


Dungeon Overview and Level Annotations

Branches:
Dungeon (8/15)             Temple (0/1) D:5         Ossuary (visited)
   Lair: D:8-11

Altars:
Fedhas
Gozag
Ru
Sif Muna
Trog
Vehumet
Wu Jian
Xom
Jiyva

Shops:
D:5 (   D:7 *

Annotations:
D:8 Goblin1989's ghost, novice TrFi


Innate Abilities, Weirdness & Mutations

You thrive by killing the living.
You are immune to poison.
You have sharp fingernails.
Your flesh is cold resistant. (rC+)
You are immune to negative energy. (rN+++)
You do not regenerate when monsters are visible.
You are immune to unholy pain and torment.
You can survive without breathing.


Message History

Goblin1989's ghost is almost destroyed.
Goblin1989's ghost misses you.
You are confused.
You feel invigorated. Goblin1989's ghost barely misses you.
Goblin1989's ghost hits you!!
* * * LOW HITPOINT WARNING * * *
You completely miss Goblin1989's ghost.
Goblin1989's ghost is almost destroyed.
Goblin1989's ghost hits you!
* * * LOW HITPOINT WARNING * * *
You're too confused to move!
You feel less invigorated.
You feel less confused. The jelly hits you.
* * * LOW HITPOINT WARNING * * *
You are splashed with acid!
* * * LOW HITPOINT WARNING * * *
A very large slime creature splits.
Goblin1989's ghost barely misses you.
You fade into invisibility!
Goblin1989's ghost hits you!
You die...

#........ ......†......
###........ ...............
#.......... ....#####...##.
#.#....##.###..##$_.##....†
#.####.##.##..##..[..##/...
#.# #.##.##..#.......#....
#.####.##.##..#.......#....
#......##.##..#.......##...
######>...@WJJ##.....##....
#.##.##J..##'''##.#.[.
#.##.##...........#...
#....######.......# ######
######### ### ### #### #_#
#_# #...


You could see a large slime creature, a slime creature, a jelly and Goblin1989's
ghost.

Vanquished Creatures
  Pikel (D:4)
  A wyvern (D:8)
  A sky beast (D:5)
  An ice beast (D:8)
  4 orc warriors
  A black bear (D:7)
  2 necrophages
  5 ogres
  4 centaurs
  A lemure (D:4)
  A big kobold (D:7)
  2 bullfrogs (D:6)
  A gnoll sergeant (D:8)
  A scorpion (D:5)
  A wyvern skeleton (D:7)
  An electric eel (D:7)
  4 centaur zombies (D:4)
  A quasit (D:6)
  6 hounds
  2 orc priests
  3 jellies
  A bullfrog skeleton (D:4)
  A bullfrog zombie (D:4)
  6 centaur skeletons
  A gnoll shaman (D:7)
  2 iguanas
  6 orc wizards
  7 worker ants
  3 hound skeletons
  2 hound zombies (D:4)
  13 mummies (Ossuary)
  3 howler monkey zombies
  2 worker ant zombies (D:4)
  15 gnolls
  2 howler monkey skeletons
  8 adders
  A shadow imp (D:8)
  A white imp (D:5)
  4 ufetubi
  A worm zombie (D:7)
  3 adder zombies
  An adder skeleton (D:8)
  2 worms
  3 dart slugs
  8 leopard geckos
  37 orcs
  4 ball pythons
  6 bats
  6 giant cockroaches
  9 goblins
  13 hobgoblins
  4 jackals (D:7)
  3 quokkas
  6 frilled lizards
  A giant cockroach zombie (D:4)
  A gnoll skeleton (Ossuary)
  2 goblin skeletons (Ossuary)
  13 kobolds
  3 kobold skeletons (Ossuary)
  2 leopard gecko skeletons (D:4)
  2 leopard gecko zombies (D:4)
  2 orc skeletons (Ossuary)
  An orc zombie (D:7)
  A quokka skeleton (D:6)
  4 quokka zombies (D:4)
  15 rats
  11 rat skeletons (Ossuary)
286 creatures vanquished.

Vanquished Creatures (others)
  2 plants (D:7)
  A withered plant (D:4)
3 creatures vanquished.

Grand Total: 289 creatures vanquished

Notes
Turn   | Place    | Note
-------+----------+-------------------------------------------
     0 | D:1      | Borgoz the Ghoul Gladiator began the quest for the Orb.
     0 | D:1      | Reached XP level 1. HP: 17/17 MP: 0/0
   277 | D:1      | Reached XP level 2. HP: 25/25 MP: 1/1
   342 | D:1      | Reached skill level 3 in Long Blades
   668 | D:1      | Reached XP level 3. HP: 30/30 MP: 2/2
   935 | D:2      | Reached skill level 1 in Armour
  1047 | D:2      | Found a faded altar of an unknown god.
  1116 | D:2      | Reached XP level 4. HP: 33/37 MP: 3/3
  2025 | D:3      | Found an ornate altar of the Wu Jian Council.
  2555 | D:3      | Reached XP level 5. HP: 27/45 MP: 4/4
  3168 | D:4      | Reached skill level 4 in Long Blades
  3254 | D:4      | Reached XP level 6. HP: 27/51 MP: 5/5
  3488 | D:4      | Found a sacrificial altar of Ru.
  4206 | D:4      | Reached XP level 7. HP: 40/59 MP: 6/6
  4340 | D:4      | Noticed Pikel
  4350 | D:4      | Reached skill level 5 in Long Blades
  4377 | D:5      | Entered Level 5 of the Dungeon
  4672 | D:5      | Found Afruom's Weapon Boutique.
  4855 | D:5      | Found a staircase to the Ecumenical Temple.
  5205 | D:5      | Reached XP level 8. HP: 64/67 MP: 7/7
  5721 | D:4      | Killed Pikel
  5722 | D:4      | Reached skill level 5 in Fighting
  5722 | D:4      | Reached skill level 6 in Long Blades
  5722 | D:4      | Reached skill level 5 in Dodging
  6533 | D:6      | Reached skill level 7 in Long Blades
  6533 | D:6      | Reached XP level 9. HP: 72/75 MP: 8/8
  8239 | D:7      | Found a sand-covered staircase.
  8259 | D:7      | Reached skill level 5 in Armour
  8272 | D:7      | Reached skill level 8 in Long Blades
  8291 | Ossuary  | Entered an ossuary
  8913 | D:7      | Found Fephuitt's General Store.
  9239 | D:7      | Reached XP level 10. HP: 86/86 MP: 9/9
  9490 | D:7      | Found a blossoming altar of Fedhas.
 10016 | D:8      | Found a radiant altar of Vehumet.
 10023 | D:8      | Found an opulent altar of Gozag.
 10024 | D:8      | Found a shimmering blue altar of Sif Muna.
 10029 | D:8      | Found a shimmering altar of Xom.
 10029 | D:8      | Found a bloodstained altar of Trog.
 10201 | D:8      | Reached skill level 9 in Long Blades
 10565 | D:8      | Found a runed translucent gate.
 10566 | D:8      | Found a runed translucent gate.
 10567 | D:8      | Found a runed translucent gate.
 10569 | D:8      | Found a viscous altar of Jiyva.
 10569 | D:8      | Noticed Goblin1989's ghost (novice TrFi)
 10608 | D:8      | Slain by Goblin1989's ghost

Illustrated notes

Levels and vault maps discovered:
D:1:      nzn_arrival_crosshair, layout_basic
D:2:      minmay_alternating_diamond, layout_basic,
          chequers_ecumenical_altar_simple_redux, dk_vineyard_1,
          kennysheep_generic_room_2
D:3:      layout_loops_cross, nzn_wu_jian_contemplation
D:4:      layout_rooms, old_standard_altar, serial_undead, serial_undead_e,
          serial_undead_d, serial_undead_c, serial_undead_f, serial_undead_f,
          serial_undead_b, serial_undead_d, serial_undead_d, serial_undead_d,
          serial_undead_f, uniq_pikel
D:5:      layout_cave_pools, temple_pool_b, serial_shops, shop
D:6:      layout_gridville
D:7:      layout_loops_ring, kennysheep_mini, serial_shops,
          nicolae_shop_waterfront, enter_ossuary_3, serial_bayou_ford_a
D:8:      layout_basic, chequers_temple_overflow_minitemple,
          minmay_overflow_temple_star_hex, gammafunk_ghost_ooze

Skill      XL: |  1  2  3  4  5  6  7  8  9 10 |
---------------+-------------------------------+-----
Long Blades    | 3 4 5 7 8 9 |  9.1
Dodging        | 3 4 5 6 |  6.6
Armour         | 1 2 3 4 5 |  5.9
Fighting       | 3 4 5 7 |  7.5
Throwing       | |  1.8

Action                   |  1- 3 |  4- 6 |  7- 9 | 10-12 || total
-------------------------+-------+-------+-------+-------++-------
Melee: Long sword        |   103 |    80 |   442 |       ||   625
       Short sword       |       |   266 |    27 |       ||   293
       Scimitar          |       |       |   174 |   136 ||   310
Throw: Throwing net      |       |       |     3 |       ||     3
  Use: Scroll            |       |       |    10 |       ||    10
       Potion            |       |       |     2 |     3 ||     5
Armor: Leather armour    |    39 |    71 |    88 |       ||   198
       Ring mail         |       |    45 |       |       ||    45
       Storm dragon scal |       |       |    52 |    22 ||    74
       Scale mail        |       |       |    48 |    16 ||    64
Dodge: Dodged            |   107 |   254 |   596 |    93 ||  1050
       Rpst.: Long sword |    39 |    16 |   116 |       ||   171
       Scimitar          |       |       |    18 |    29 ||    47

Table legend: (Time is in decaauts)
 A = Elapsed time spent in this place.
 B = Non-inter-level travel time spent in this place.
 C = Inter-level travel time spent in this place.
 D = Time resting spent in this place.
 E = Time spent auto-exploring this place.
 F = Levels seen in this place.
 G = Mean time per level.
                   A        B        C        D        E       F      G
               +--------+--------+--------+--------+--------+-----+--------+
         Total |  10584 |  10297 |    287 |   2885 |   4993 |   9 | 1176.0 |
       Dungeon |  10062 |   9775 |    287 |   2773 |   4837 |   8 | 1257.8 |
       Ossuary |    522 |    522 |      0 |    112 |    156 |   1 |  522.0 |
               +--------+--------+--------+--------+--------+-----+--------+

Top non-repeatable levels by time:
     D:6: 1820 daAuts
     D:4: 1787 daAuts
     D:5: 1284 daAuts
     D:3: 1202 daAuts
     D:7: 1085 daAuts
     D:2: 1020 daAuts
     D:1: 947 daAuts
     D:8: 914 daAuts
 Ossuary: 522 daAuts
